 Dungeon Crawl Stone Soup version 0.23.2-33-g5129a83184 (webtiles) character file.

Game seed: 6705926074705093930

72 Kold the Gusty (level 4, -4/24 HPs)
             Began as a Tengu Air Elementalist on July 2, 2019.
             Killed from afar by Blork the orc (9 damage)
             ... with a magic dart
             ... on level 4 of the Dungeon.
             The game lasted 00:06:00 (3060 turns).

Kold the Gusty (Tengu Air Elementalist)             Turns: 3060, Time: 00:06:01

Health: -4/24      AC:  2    Str:  8    XL:     4   Next: 25%
Magic:  4/8        EV: 13    Int: 16    God:
Gold:   155        SH:  2    Dex: 15    Spells: 7/8 levels left

rFire    . . .     SeeInvis .   b - +0 short sword
rCold    + . .     Gourm    .   (no shield)
rNeg     + . .     Faith    .   a - +0 robe
rPois    .         Spirit   .   (helmet restricted)
rElec    .         Reflect  +   (no cloak)
rCorr    .         Harm     .   (no gloves)
MR       .....                  (boots unavailable)
Stlth    ++........             j - +2 amulet of reflection
HPRegen  0.08/turn              g - ring of protection from cold
MPRegen  0.11/turn              n - ring of positive energy

@: no status effects
A: beak, talons 3
a: no special abilities


You were on level 4 of the Dungeon.
You were not hungry.

You visited 1 branch of the dungeon, and saw 4 of its levels.

You collected 155 gold pieces.

Inventory:

Hand Weapons
 b - a +0 short sword (weapon)
Armour
 a - a +0 robe (worn)
Jewellery
 g - a ring of protection from cold (left hand)
 j - a +2 amulet of reflection (around neck)
 n - a ring of positive energy (right hand)
Scrolls
 e - 2 scrolls of identify {unknown}
 f - 2 scrolls of immolation
 h - a scroll of enchant armour {unknown}
 i - a scroll of remove curse
Potions
 d - a potion of magic {unknown}
 k - a potion of curing
 l - a potion of berserk rage {unknown}
 m - a potion of might
 p - a potion of lignification {unknown}
Comestibles
 c - 2 rations
 o - a chunk of flesh


   Skills:
 - Level 2.3 Dodging
 - Level 2.0 Stealth
 + Level 2.6 Spellcasting
 * Level 3.7 Conjurations
 + Level 4.8 Air Magic


You had 7 spell levels left.
You knew the following spells:

 Your Spells              Type           Power        Failure   Level  Hunger
a - Shock                 Conj/Air       ###.         3%          1    #......

Your spell library contained the following spells:

 Spells                   Type           Power        Failure   Level  Hunger
 Swiftness                Chrm/Air       #.......     11%         2    ##.....
 Static Discharge         Conj/Air       ###.....     11%         3    ###....
 Airstrike                Air            ###.......   26%         4    #####..
 Lightning Bolt           Conj/Air       ###.......   67%         5    ######.


Dungeon Overview and Level Annotations

Branches:
Dungeon (4/15)
 Temple: D:4-7

Altars:
Kikubaaqudgha
Wu Jian

Annotations:
D:3 Sigmund
D:4 Blork the orc


Innate Abilities, Weirdness & Mutations

You have a beak for a mouth.
You have claws for feet.


Message History

Aim: Blork the orc, wielding a +0 long sword and wearing a +0 robe (moderately wounded, fast)
The zap hits Blork the orc.
Blork the orc is moderately wounded.
Casting: Shock (safe; 3% risk of failure)
Confirm with . or Enter, or press ? or * to list all spells.
Aiming: Shock (safe; 3% risk of failure)
Press: ? - help, Shift-Dir - straight line, f/p - Blork the orc
Aim: Blork the orc, wielding a +0 long sword and wearing a +0 robe (moderately wounded, fast)
The zap hits Blork the orc.
Blork the orc is moderately wounded.
Blork the orc points at you and mumbles some strange words.
The magic dart hits you!
Blork the orc hits you with a +0 long sword!
* * * LOW HITPOINT WARNING * * *
Blork the orc miscasts a cantrip.
As you read the scroll labeled EMAMYSMIMNE, it crumbles to dust.
You feel blessed for a moment.
It was a scroll of remove curse.
Blork the orc casts a spell at you. The magic dart hits you!
You die...

#..##...#
#'###...#
#.......#
####.......#
##..........#
####..##..##...#
#.....###'##...#
.##.....##..o....#
.........#.<.@...#
.##.....##..##...#
#......#####...#
#######.# #....#
#.......# #....#
#####.......#
#....#
#...........#
#....#
#...........#
#....#
#....########
#....#


You could see Blork the orc.

Vanquished Creatures
  An adder (D:4)
  An adder skeleton (D:2)
  A worm (D:2)
  A dart slug (D:2)
  2 leopard geckos
  2 giant cockroaches
  5 goblins
  8 hobgoblins
  3 jackals (D:2)
  10 kobolds
  2 quokkas
  3 bats
  4 frilled lizards
  4 rats
47 creatures vanquished.

Notes
Turn   | Place    | Note
-------+----------+-------------------------------------------
     0 | D:1      | Kold the Tengu Air Elementalist began the quest for the
                  | Orb.
     0 | D:1      | Reached XP level 1. HP: 10/10 MP: 4/4
   284 | D:1      | Reached XP level 2. HP: 9/15 MP: 4/6
   962 | D:2      | Reached XP level 3. HP: 19/19 MP: 1/7
  1706 | D:2      | Found an ancient bone altar of Kikubaaqudgha.
  1883 | D:2      | Found an ornate altar of the Wu Jian Council.
  2032 | D:3      | Noticed Sigmund
  2324 | D:3      | Reached XP level 4. HP: 13/24 MP: 1/8
  2797 | D:4      | Noticed Blork the orc
  3060 | D:4      | Killed from afar by Blork the orc

Skill      XL: |  1  2  3 |
---------------+----------+-----
Conjurations   | 2 3 |  3.7
Dodging        | |  2.3
Stealth        | |  2.0
Spellcasting   | |  2.6
Air Magic      | |  4.8

Action                   |  1- 3 |  4- 6 || total
-------------------------+-------+-------++-------
Melee: Short sword       |     3 |     6 ||     9
       Kick              |     2 |     2 ||     4
       Unarmed           |     1 |       ||     1
       Peck              |       |     2 ||     2
 Cast: Shock             |    94 |    31 ||   125
  Use: Scroll            |       |     2 ||     2
       Potion            |       |     1 ||     1
  Eat: Chunk             |     5 |     3 ||     8
Armor: Robe              |     4 |     2 ||     6
Dodge: Dodged            |    25 |     8 ||    33
Block: Other             |       |     1 ||     1
